 Dungeon Crawl Stone Soup version 0.30-a0-465-g8901f6c8b5 (webtiles) character file.

Game seed: 18333035612764074475

12168 tilp the Carver (level 12, -16/102 HPs)
             Began as a Meteoran Fighter on Dec 17, 2022.
             Was a Priest of Makhleb.
             Engulfed by a cloud of freezing vapour (24 damage)
             ... in an ice cave.
             The game lasted 00:28:12 (4339 turns).

tilp the Carver (Meteoran Fighter)                  Turns: 4339, Time: 00:28:13

Health: -16/102    AC: 16    Str: 18    XL:     12   Next: 45%
Magic:  17/17      EV: 21    Int: 10    God:    Makhleb [***...]
Gold:   494        SH:  6    Dex: 25    Spells: 11/11 levels left

rFire   . . .      SeeInvis .    a - +0 long sword
rCold   . . .      Faith    .    c - +0 buckler
rNeg    . . .      Spirit   .    d - +2 scale mail {rPois}
rPois   +          Reflect  .    h - +2 helmet
rElec   .          Harm     .    F - scarf {repulsion}
rCorr   .          Rampage  .    m - +2 pair of gloves
Will    +....                    (no boots)
Stlth   +.........               (no amulet)
HPRegen 0.37/turn                j - +6 ring of dexterity
MPRegen 0.15/turn                b - +4 ring of evasion

@: glowing, repel missiles
A: sense surroundings 2, otherworldly, glowing, explore regen
a: Renounce Religion, Minor Destruction, Lesser Servant of Makhleb


You were in an ice cave.
You worshipped Makhleb.
Makhleb was most pleased with you.
You visited 3 branches of the dungeon, and saw 13 of its levels.
You also visited: Sewer, Bailey and Ice Cave.

You collected 494 gold pieces.

Inventory:

Hand Weapons
 a - a +0 long sword (weapon)
Missiles
 g - 26 boomerangs (quivered)
 i - 6 javelins
 u - 15 poisoned darts
 v - 10 curare-tipped darts
 x - 3 throwing nets
 y - 8 datura-tipped darts
Armour
 c - a +0 buckler (worn)
 d - a +2 scale mail of poison resistance (worn)
 h - a +2 helmet (worn)
 m - a +2 pair of gloves (worn)
 F - a scarf of repulsion (worn)
Jewellery
 b - a +4 ring of evasion (right hand)
 j - a +6 ring of dexterity (left hand)
Wands
 k - a wand of charming (2)
 A - a wand of flame (4)
Scrolls
 f - a scroll of amnesia
 l - a scroll of blinking
 o - a scroll of poison
 p - 2 scrolls of teleportation
 q - 2 scrolls of identify
 B - a scroll of magic mapping
Potions
 e - a potion of brilliance
 n - a potion of flight
 r - a potion of attraction
 s - 2 potions of ambrosia
 t - 2 potions of mutation
 z - a potion of lignification
 C - a potion of curing
 D - a potion of haste
Miscellaneous
 w - a tin of tremorstones (2/2)


   Skills:
 + Level 8.3 Fighting
 + Level 12.2 Long Blades
 + Level 6.4 Throwing
 + Level 6.4 Armour
 + Level 10.2 Dodging
 - Level 4.0 Stealth
 - Level 4.0 Shields
 + Level 6.6 Invocations
 * Level 5.4 Evocations


You had 11 spell levels left.
You didn't know any spells.
Your spell library contained the following spells:

 Spells                   Type           Power      Damage    Failure   Level
 Ensorcelled Hibernation  Hex/Ice        0%         N/A       91%         2
 Passwall                 Tmut/Erth      0%         N/A       91%         2
 Sublimation of Blood     Necr           0%         N/A       91%         2
 Wereblood                Tmut           0%         N/A       91%         2
 Gell's Gravitas          Tloc           0%         N/A       99%         3
 Lesser Beckoning         Tloc           0%         N/A       99%         3
 Portal Projectile        Hex/Tloc       0%         N/A       99%         3
 Swiftness                Air            0%         N/A       99%         3
 Teleport Other           Tloc           0%         N/A       99%         3
 Tukima's Dance           Hex            0%         N/A       99%         3
 Blade Hands              Tmut           0%         N/A       100%        5
 Summon Hydra             Summ           0%         N/A       100%        7


Dungeon Overview and Level Annotations

Branches:
Dungeon (10/15) Zot: 2596  Temple (1/1) D:6 Zot: 551    Lair (2/5) D:9 Zot: 800
  Swamp (0/4) Lair:2        Sewer (visited)          Bailey (visited)
  IceCv (1/1) Zot: 516
  Snake: Lair:2-3    Spider: Lair:2-3       Orc: D:9-12

Altars:
Ashenzari
Cheibriados
Dithmenos
Elyvilon
Fedhas
Hepliaklqana
Kikubaaqudgha
Makhleb
Nemelex Xobeh
Qazlal
Sif Muna
Trog
Vehumet
Wu Jian
Zin
The Shining One


Innate Abilities, Weirdness & Mutations

You passively map the area around you.
You are easily found by Zot.
You glow in the dark.
You regain HP and MP as you explore.


Message History

You block the ice beast's attack.
The ice beast hits you but does no damage.
You hit the ice statue.
The ice statue is severely damaged.
The ice beast misses you. The ice beast hits you. The ice beast freezes you!
The ice beast misses you.
You hit the ice statue.
The ice statue is severely damaged.
The ice beast hits you but does no damage. x2
You slash the ice statue!
The ice statue is almost destroyed.
The ice beast barely misses you. The ice beast misses you.
You hit the ice statue but do no damage.
The ice statue is almost destroyed.
The ice beast hits you but does no damage.
You block the ice beast's attack. The ice statue gestures at you.
The freezing blast is repelled.
The ice beast barely misses you.
You hit the ice statue but do no damage.
The ice statue is almost destroyed.
You are engulfed in freezing vapours.
The ice beast closely misses you. You block the ice beast's attack.
The ice statue gestures at you. The bolt of cold hits you!!
* * * LOW HITPOINT WARNING * * *
You hit the ice statue.
The ice statue is almost destroyed.
You are engulfed in freezing vapours.
* * * LOW HITPOINT WARNING * * *
The ice beast hits you.
* * * LOW HITPOINT WARNING * * *
The ice beast freezes you!
* * * LOW HITPOINT WARNING * * *
The ice beast barely misses you. The ice beast misses you.
You slash the ice statue!
You destroy the ice statue!
Makhleb accepts your kill.
The ice beast disappears in a puff of smoke! x3
You are engulfed in freezing vapours.
You die...

** , * *, * * ** ** ,
#..# #...# ##...# *,,
##....# ### ####
.....# #.##
###.†####....###☼☼#
##....##....###○@○##
*
....#††.....##○☼○○.##
...###......##..°...#
, ..##
###.3.#.....##..# **
### ##........# #.# *
#........## ..# * *
##.......# * .#
##.....## # ##....# ,


There were no monsters in sight!

Vanquished Creatures
  Harold (D:9)
  An orc knight (Bailey)
  An ice statue (IceCv)
  2 rime drakes
  2 komodo dragons (Lair:1)
  A hornet (D:7)
  2 polar bears (IceCv)
  Sigmund (D:4)
  A wraith (D:9)
  7 yaks
  A steam dragon (D:9)
  2 wyverns (D:8)
  A basilisk (Lair:2)
  An acid dragon (D:7)
  4 water moccasins
  7 black bears
  3 orc warriors (Bailey)
  Pargi (D:3)
  2 sky beasts (D:7)
  5 centaurs
  2 ogres
  A wolf (IceCv)
  3 kobold brigands (Bailey)
  9 bullfrogs
  3 scorpions
  A cane toad simulacrum (Lair:2)
  4 wights
  3 killer bees
  2 howler monkeys (D:8)
  2 electric eels (Lair:2)
  2 quasits (D:7)
  2 orc priests (D:7)
  3 jellies
  An iguana (D:5)
  Terence (D:3)
  3 orc wizards
  Natasha (D:3)
  3 gnolls (D:8)
  2 river rats (D:3)
  8 adders
  3 shadow imps
  5 white imps
  6 ufetubi
  2 worms
  21 orcs
  11 endoplasms
  13 giant cockroaches
  12 goblins
  6 hobgoblins
  2 jackals (D:4)
  10 quokkas
  18 ball pythons
  6 bats
  7 frilled lizards
  17 kobolds
  4 rats
245 creatures vanquished.

Vanquished Creatures (collateral kills)
  A hydra (Lair:2)
  2 rime drakes (IceCv)
  2 komodo dragons
  A polar bear (IceCv)
  3 yaks
  3 water moccasins
  An orc warrior (Bailey)
  2 wolves (IceCv)
  2 kobold brigands (Bailey)
  2 bullfrogs (Lair:2)
  A cane toad simulacrum (Lair:2)
20 creatures vanquished.

Vanquished Creatures (others)
  17 fungi
  25 plants
42 creatures vanquished.

Grand Total: 307 creatures vanquished

Notes
Turn   | Place    | Note
-------+----------+-------------------------------------------
     0 | D:1      | tilp the Meteoran Fighter began the quest for the Orb.
     0 | D:1      | Reached XP level 1. HP: 19/19 MP: 2/2
    79 | D:1      | Reached XP level 2. HP: 16/26 MP: 3/3
   195 | D:2      | Reached skill level 1 in Dodging
   219 | D:1      | Reached XP level 3. HP: 31/31 MP: 4/4
   332 | D:2      | Found a faded altar of an unknown god.
   424 | D:3      | Found an ornate altar of the Wu Jian Council.
   550 | D:3      | Noticed a scorpion
   571 | D:3      | Killed a scorpion
   572 | D:3      | Reached skill level 3 in Long Blades
   572 | D:3      | Reached skill level 1 in Stealth
   572 | D:3      | Reached XP level 4. HP: 19/40 MP: 5/5
   572 | D:3      | Reached XP level 5. HP: 22/46 MP: 6/6
   592 | D:3      | Noticed Terence
   603 | D:3      | Killed Terence
   629 | D:3      | Noticed Pargi
   629 | D:3      | Noticed Natasha
   642 | D:3      | Killed Pargi
   643 | D:3      | Reached XP level 6. HP: 47/52 MP: 7/7
   657 | D:3      | Killed Natasha
   727 | D:3      | Reached skill level 4 in Long Blades
   741 | D:3      | Found a glowing drain.
   756 | Sewer    | Entered a sewer
   836 | Sewer    | Reached XP level 7. HP: 58/59 MP: 8/8
   889 | Sewer    | Reached skill level 1 in Throwing
  1149 | D:5      | Entered Level 5 of the Dungeon
  1175 | D:4      | Noticed Sigmund
  1226 | D:4      | Killed Sigmund
  1227 | D:4      | Reached skill level 5 in Long Blades
  1227 | D:4      | Reached skill level 5 in Dodging
  1227 | D:4      | Reached XP level 8. HP: 65/67 MP: 9/9
  1269 | D:4      | Reached skill level 5 in Fighting
  1472 | D:4      | Found an ancient bone altar of Kikubaaqudgha.
  1993 | D:5      | Gained mutation: You passively map the area around you.
                  | [Meteoran growth]
  1993 | D:5      | Reached XP level 9. HP: 40/74 MP: 10/10
  2154 | D:6      | Found a staircase to the Ecumenical Temple.
  2172 | Temple   | Entered the Ecumenical Temple
  2205 | Temple   | Became a worshipper of Makhleb the Destroyer
  2359 | D:6      | Reached skill level 6 in Long Blades
  2559 | D:7      | Noticed a hornet
  2572 | D:7      | Reached skill level 7 in Long Blades
  2576 | D:7      | Killed a hornet
  2610 | D:7      | Reached skill level 8 in Long Blades
  2637 | D:7      | Reached XP level 10. HP: 42/83 MP: 11/11
  2697 | D:7      | Reached skill level 1 in Invocations
  2701 | D:7      | Reached * piety under Makhleb
  2748 | D:8      | Found a flagged portal.
  2756 | D:8      | Reached skill level 1 in Evocations
  2767 | Bailey   | Entered a bailey
  2896 | Bailey   | Noticed an orc knight
  2925 | Bailey   | Killed an orc knight
  2925 | Bailey   | Reached ** piety under Makhleb
  2926 | Bailey   | Reached skill level 9 in Long Blades
  2926 | Bailey   | Reached skill level 5 in Armour
  2935 | Bailey   | Found a bloodstained altar of Trog.
  2987 | D:8      | Found a radiant altar of Vehumet.
  3004 | D:8      | Reached skill level 5 in Throwing
  3017 | D:9      | Noticed Harold
  3017 | D:9      | Found a broken altar of Ashenzari.
  3033 | D:9      | Killed Harold
  3067 | D:8      | Identified the +0 leather armour of the Gravedigger {Str+3
                  | Dex+8}
  3213 | D:8      | Reached XP level 11. HP: 90/91 MP: 14/14
  3450 | D:8      | Found a stormy altar of Qazlal.
  3573 | D:9      | Reached skill level 10 in Long Blades
  3617 | D:10     | Entered Level 10 of the Dungeon
  3635 | D:9      | Found a shimmering blue altar of Sif Muna.
  3818 | D:9      | Found a staircase to the Lair.
  3835 | Lair:1   | Entered Level 1 of the Lair of Beasts
  3849 | Lair:1   | Reached skill level 5 in Invocations
  3853 | Lair:1   | Reached *** piety under Makhleb
  3873 | Lair:1   | Reached skill level 11 in Long Blades
  4084 | Lair:2   | Noticed a six-headed hydra
  4092 | Lair:2   | Killed a six-headed hydra
  4093 | Lair:2   | Reached skill level 10 in Dodging
  4093 | Lair:2   | Reached XP level 12. HP: 94/101 MP: 17/17
  4126 | Lair:2   | Reached skill level 12 in Long Blades
  4213 | Lair:2   | Found a staircase to the Swamp.
  4223 | Lair:2   | Found a frozen archway.
  4246 | IceCv    | Entered an ice cave
  4295 | IceCv    | Reached skill level 5 in Evocations
  4339 | IceCv    | Engulfed by a cloud of freezing vapour

Illustrated notes

Levels and vault maps discovered:
D:1:      wander_arrival_estate, layout_basic
D:2:      layout_loops_ring, chequers_ecumenical_altar_island,
          chequers_serial_rivers_room_a
D:3:      minmay_diamond_boxcup, layout_loops_cross,
          nicolae_overflow_hidden_temple, portal_sewer_entry_e, uniq_natasha,
          uniq_pargi, uniq_terence
D:4:      layout_basic, mainiacjoe_overflow_concentric_impassable, uniq_sigmund
D:5:      layout_basic
D:6:      layout_cave_pods, minmay_temple_entry_mini_moons, minmay_diced_spiral
D:7:      minmay_clustersquares, layout_gridville, serial_demonic,
          serial_demonic_f, serial_demonic_g, serial_demonic_a,
          serial_demonic_c, minivault_24
D:8:      layout_loops_ring, nicolae_qazlal_eye_of_the_storm,
          old_standard_altar, mainiacjoe_overflow_alcove_3, enter_bailey_5
D:9:      layout_roguey, grunt_temple_overflow_open,
          due_lair_maze_entry_diamond, uniq_harold
D:10:     layout_roguey, amcnicky_altar_gilded, lemuel_doored_altar, erik_orc_2,
          enter_trove_5, serial_corexii_hall, chequers_hall_statues_wall_a,
          corexii_hall_statues_u, serial_shops, shop
Temple:   eino_wide_crystal_templ
Lair:1:   layout_regular_city, lemuel_fruit_tree
Lair:2:   layout_long_grid, swamp_mist_pool,
          portal_ice_cave_entry_ice_simulacra, infiniplex_staircase_pool_2,
          serial_bayou_shore_a
IceCv:    ice_cave_small_giant

Skill      XL: |  1  2  3  4  5  6  7  8  9 10 11 12 |
---------------+-------------------------------------+-----
Dodging        | 1 2 3 4 5 8 10 | 10.2
Long Blades    | 3 4 5 8 9 11 12 | 12.2
Armour         | 4 5 6 |  6.4
Stealth        | 1 2 3 4 |  4.0
Shields        | 4 |  4.0
Fighting       | 4 5 6 8 |  8.3
Throwing       | 2 3 4 5 6 |  6.4
Invocations    | 3 6 |  6.6
Evocations     | 3 4 5 |  5.4

Action                   |  1- 3 |  4- 6 |  7- 9 | 10-12 || total
-------------------------+-------+-------+-------+-------++-------
Melee: Long sword        |    96 |   101 |   367 |   510 ||  1074
Throw: Boomerang         |       |       |       |     3 ||     3
Invok: Minor Destruction |       |       |       |     5 ||     5
       Lesser Servant of |       |       |       |     5 ||     5
Evoke: Wand              |       |       |     1 |    11 ||    12
       Tin of tremorston |       |       |       |     1 ||     1
  Use: Scroll            |     4 |       |     9 |     9 ||    22
       Potion            |       |     1 |       |       ||     1
 Stab: Distracted        |       |       |       |     2 ||     2
Armor: Scale mail        |    64 |    64 |   197 |   193 ||   518
Dodge: Dodged            |    35 |    54 |   343 |   515 ||   947
       Repelled          |       |       |       |     4 ||     4
Block: Buckler           |    34 |    32 |   178 |   229 ||   473

Table legend: (Time is in decaauts)
 A = Elapsed time spent in this place.
 B = Non-inter-level travel time spent in this place.
 C = Inter-level travel time spent in this place.
 D = Time resting spent in this place.
 E = Time spent auto-exploring this place.
 F = Levels seen in this place.
 G = Mean time per level.
                   A        B        C        D        E       F      G
               +--------+--------+--------+--------+--------+-----+--------+
         Total |   4495 |   4217 |    278 |      0 |     25 |  16 |  280.9 |
       Dungeon |   3403 |   3140 |    263 |      0 |      0 |  10 |  340.3 |
        Temple |     48 |     33 |     15 |      0 |      0 |   1 |   48.0 |
          Lair |    399 |    399 |      0 |      0 |     25 |   2 |  199.5 |
         Sewer |    361 |    361 |      0 |      0 |      0 |   1 |  361.0 |
        Bailey |    197 |    197 |      0 |      0 |      0 |   1 |  197.0 |
      Ice Cave |     83 |     83 |      0 |      0 |      0 |   1 |   83.0 |
               +--------+--------+--------+--------+--------+-----+--------+

Top non-repeatable levels by time:
     D:4: 555 daAuts
     D:3: 513 daAuts
     D:8: 501 daAuts
     D:7: 399 daAuts
     D:9: 380 daAuts
   Sewer: 361 daAuts
     D:5: 346 daAuts
     D:6: 304 daAuts
     D:2: 203 daAuts
  Lair:1: 201 daAuts
  Lair:2: 197 daAuts
  Bailey: 197 daAuts
     D:1: 197 daAuts
   IceCv: 83 daAuts
  Temple: 48 daAuts
